 Dungeon Crawl Stone Soup version 0.30-a0-802-gb92711bcdf (webtiles) character file.

Game seed: 7637343098248780770

10933 Pimp the Protected (level 11, -1/101 HPs)
             Began as a Minotaur Fighter on Feb 24, 2023.
             Was an Elder of Okawaru.
             Succumbed to Sonja's poison
             ... on level 11 of the Dungeon.
             The game lasted 00:23:01 (9678 turns).

Pimp the Protected (Minotaur Fighter)               Turns: 9678, Time: 00:23:02

Health: -1/101     AC: 19    Str: 31    XL:     11   Next: 42%
Magic:  10/10      EV: 10    Int:  5    God:    Okawaru [****..]
Gold:   617        SH:  6    Dex: 12    Spells: 10/10 levels left

rFire   + . .      SeeInvis +    a - +3 long sword
rCold   + . .      Faith    .    c - +0 buckler
rNeg    . . .      Spirit   .    r - +4 scale mail of the Orange Skies {rC+ Str+3 Dex+2}
rPois   .          Reflect  .    (helmet restricted)
rElec   .          Harm     .    x - +0 cloak
rCorr   .          Rampage  .    (no gloves)
Will    .....      Rage     3%   (no boots) Stlth
                                 y - amulet of regeneration
HPRegen 1.16/turn                j - +4 ring of protection
MPRegen 0.12/turn                t - ring of Ephemeral Luck {rF+ Str+3 SInv}

@: lethally poisoned (-1 -> -62)
A: horns 2, retaliatory headbutt, berserk 1
a: Renounce Religion, Heroism, Finesse


You were on level 11 of the Dungeon.
You worshipped Okawaru.
Okawaru was greatly pleased with you.
You visited 2 branches of the dungeon, and saw 12 of its levels.

You collected 617 gold pieces.

Inventory:

Hand Weapons
 a - a +3 long sword (weapon)
 g - a +3 shortbow of flaming
 s - a +0 scimitar of holy wrath
Missiles
 u - 2 throwing nets
Armour
 b - a +0 scale mail
 c - a +0 buckler (worn)
 f - a +0 chain mail
 r - the +4 scale mail of the Orange Skies (worn) {rC+ Str+3 Dex+2}
   (You found it on level 4 of the Dungeon)

   Str:       It affects your strength (+3).
   Dex:       It affects your dexterity (+2).
   rC:        It protects you from cold.
 x - a +0 cloak (worn)
Jewellery
 d - a ring of protection from cold
 j - a +4 ring of protection (left hand)
 m - a ring of ice
 q - an amulet of guardian spirit
 t - the ring of Ephemeral Luck (right hand) {rF+ Str+3 SInv}
   (You found it on level 8 of the Dungeon)

   [ring of protection from fire]

   Str:       It affects your strength (+3).
   rF:        It protects you from fire.
   SInv:      It lets you see invisible.
 w - a +6 ring of dexterity
 y - an amulet of regeneration (around neck)
Wands
 h - a wand of roots (15)
 l - a wand of digging (5)
 o - a wand of quicksilver (1) (quivered)
 p - a wand of mindburst (4)
Scrolls
 k - 2 scrolls of magic mapping
 v - 2 scrolls of immolation
 C - a scroll of teleportation
 D - a scroll of identify
Potions
 e - 2 potions of heal wounds
 n - 3 potions of flight
 z - 2 potions of cancellation


   Skills:
 + Level 10.5 Fighting
 * Level 10.1 Long Blades
 + Level 14.1 Armour
 + Level 10.4 Shields


You had 10 spell levels left.
You didn't know any spells.
Your spell library contained the following spells:

 Spells                   Type           Power      Damage    Failure   Level
 Fireball                 Conj/Fire      0%         3d3       100%        5
 Iskenderun's Battlesphe  Conj           0%         2d6       100%        5
 Conjure Ball Lightning   Conj/Air       0%         3x3d6     100%        6
 Orb of Destruction       Conj           0%         9d5       100%        7


Dungeon Overview and Level Annotations

Branches:
Dungeon (11/15)            Temple (1/1) D:7            Lair (0/5) D:10
    Orc (0/2) D:11

Altars:
Ashenzari
Cheibriados
Dithmenos
Elyvilon
Fedhas
Gozag
Hepliaklqana
Kikubaaqudgha
Makhleb
Nemelex Xobeh
Okawaru
Qazlal
Ru
Sif Muna
Trog
Uskayaw
Vehumet
Wu Jian
Xom
Yredelemnul
Zin
The Shining One
Jiyva

Shops:
D:6 (   D:10 *

Portals:
Trove: D:10 (give 5 scrolls of fear)

Annotations:
D:5 2 transporters, dolemite99's ghost, novice DjCj
D:8 3 runed translucent doors, asti's ghost, novice MiBe
D:10 exclusion: oklob plant
D:11 Sonja


Innate Abilities, Weirdness & Mutations

You have a pair of horns on your head.
You reflexively headbutt those who attack you in melee.
You sometimes lose your temper in combat.


Message History

You are more poisoned.
You hit Sonja.
Sonja is moderately wounded.
You feel extremely sick. You block Sonja's attack. x3
You slash Sonja!
Sonja is heavily wounded.
You feel extremely sick. Sonja hits you but does no damage.
You are more poisoned.
Sonja closely misses you. Sonja hits you but does no damage.
You are more poisoned.
You feel extremely sick.
Sonja says, "I'm academy-trained, you know."
Sonja barely misses you. You block Sonja's attack.
Sonja hits you but does no damage.
You are more poisoned.
There is an open door here.
Sonja attacks as you move away! You block Sonja's attack.
Sonja hits you but does no damage. Sonja closely misses you.
The two-headed ogre attacks as you move away!
The two-headed ogre hits you but does no damage.
The two-headed ogre hits you with a +0 giant club!!
You feel extremely sick.
Sonja casts a spell.
Sonja blinks!
* * * LOW HITPOINT WARNING * * *
You feel extremely sick.
Sonja throws a curare-tipped dart.
The curare-tipped dart closely misses you.
Sonja attacks as you move away!
Sonja hits you with a +1 dagger of venom!
* * * LOW HITPOINT WARNING * * *
You are more poisoned.
Sonja hits you but does no damage.
You are more poisoned.
Sonja hits you with a +1 dagger of venom.
* * * LOW HITPOINT WARNING * * *
You are more poisoned.
You die...

####'### #...........
#.# +.......... #####.#
#.....?..# ......#
#........# ......#
#........# ......+
#........# ......##
#....l...# .......#
#####O#+## .>.....#
#...#@# .<.....# #.#.#.#
.......# #.#.#K######
'#+###.# #.#..........
.#.###.#####.###.######.
...............#.#
.#....#.####.#.#.#
#####.#.# #.#.#.#
......#.# #.#.#.#


You could see a two-headed ogre, a komodo dragon and Sonja.

Vanquished Creatures
  A two-headed ogre (D:9)
  3 death yaks
  Nergalle (D:10)
  The ghost of GiantSquids the Cleaver, a novice HOBe of Trog (D:7)
  Amaemon (D:9)
  An orange demon (D:9)
  Maggie (D:6)
  3 kobold demonologists (D:10)
  A guardian mummy (D:10)
  2 trolls (D:10)
  A shadow (D:5)
  A wraith (D:10)
  5 yaks (D:9)
  2 steam dragons (D:8)
  Menkaure (D:5)
  3 water moccasins
  Duvessa (D:5)
  A floating eye (D:10)
  2 ice beasts
  An orc warrior (D:7)
  A sky beast (D:8)
  4 black bears
  2 ogres
  3 centaurs
  2 phantoms
  3 bullfrogs
  2 kobold brigands
  A necrophage (D:4)
  2 scorpions
  Dowan (D:5)
  10 killer bees
  A howler monkey (D:10)
  A crimson imp (D:3)
  2 jellies (D:6)
  4 orc priests
  3 hounds
  Ijyb (D:3)
  6 orc wizards
  2 iguanas
  A hell rat (D:10)
  Robin (D:2)
  6 gnolls (D:5)
  2 river rats
  5 adders
  3 shadow imps
  3 ufetubi
  3 worms
  3 dart slugs
  29 orcs
  5 endoplasms
  2 giant cockroaches (D:4)
  13 goblins
  11 hobgoblins
  3 jackals (D:1)
  4 quokkas
  7 ball pythons
  7 bats
  2 frilled lizards (D:1)
  13 kobolds
  4 rats
211 creatures vanquished.

Vanquished Creatures (others)
  13 plants (D:10)
13 creatures vanquished.

Grand Total: 224 creatures vanquished

Notes
Turn   | Place    | Note
-------+----------+-------------------------------------------
     0 | D:1      | Pimp the Minotaur Fighter began the quest for the Orb.
     0 | D:1      | Reached XP level 1. HP: 19/19 MP: 0/0
   209 | D:1      | Reached XP level 2. HP: 23/27 MP: 1/1
   230 | D:1      | Reached skill level 4 in Armour
   669 | D:1      | Reached XP level 3. HP: 31/33 MP: 2/2
   676 | D:1      | Found a faded altar of an unknown god.
   859 | D:2      | Noticed Robin
   876 | D:2      | Killed Robin
  1226 | D:2      | Reached XP level 4. HP: 40/40 MP: 3/3
  1579 | D:3      | Found a burning altar of Makhleb.
  1579 | D:3      | Found a shimmering altar of Xom.
  1589 | D:3      | Reached skill level 5 in Armour
  1647 | D:3      | Found a sparkling altar of Nemelex Xobeh.
  1840 | D:3      | Noticed Ijyb
  1861 | D:3      | Killed Ijyb
  1862 | D:3      | Reached XP level 5. HP: 35/47 MP: 2/4
  1922 | D:3      | Found a sacrificial altar of Ru.
  2643 | D:4      | Identified the +4 scale mail of the Orange Skies {rC+ Str+3
                  | Dex+2}
  2929 | D:4      | Reached skill level 5 in Fighting
  2929 | D:4      | Reached skill level 6 in Armour
  2929 | D:4      | Reached XP level 6. HP: 50/56 MP: 3/5
  3280 | D:5      | Entered Level 5 of the Dungeon
  3304 | D:5      | Noticed Dowan
  3313 | D:5      | Reached skill level 5 in Shields
  3337 | D:5      | Killed Dowan
  3338 | D:5      | Reached XP level 7. HP: 23/61 MP: 3/6
  3441 | D:5      | Noticed a shadow
  3445 | D:5      | Reached skill level 7 in Armour
  3450 | D:5      | Killed a shadow
  3451 | D:5      | Reached skill level 5 in Long Blades
  3726 | D:5      | Reached skill level 8 in Armour
  3726 | D:5      | Reached XP level 8. HP: 31/70 MP: 2/7
  3879 | D:5      | Found a transporter.
  3880 | D:5      | Noticed dolemite99's ghost (novice DjCj)
  3881 | D:5      | Found a transporter.
  4554 | D:5      | Noticed Menkaure
  4561 | D:5      | Killed Menkaure
  4745 | D:5      | Noticed Duvessa
  4753 | D:5      | Killed Duvessa
  4754 | D:5      | Reached skill level 9 in Armour
  4955 | D:6      | Noticed Maggie
  4985 | D:6      | Killed Maggie
  4986 | D:6      | Reached XP level 9. HP: 65/79 MP: 8/8
  5031 | D:6      | Found Osedi's Weapon Boutique.
  5206 | D:6      | Found an ancient bone altar of Kikubaaqudgha.
  5339 | D:6      | Reached skill level 10 in Armour
  5689 | D:7      | Noticed GiantSquids's ghost (novice HOBe)
  5909 | D:7      | Found a runed translucent door.
  5945 | D:7      | Found a staircase to the Ecumenical Temple.
  5958 | Temple   | Entered the Ecumenical Temple
  5965 | Temple   | Became a worshipper of Warmaster Okawaru
  6302 | D:7      | Found a hide-covered altar of Uskayaw.
  6466 | D:7      | Gained mutation: You are partially covered in iridescent
                  | scales. (AC +2) [potion of mutation]
  6466 | D:7      | Lost mutation: You are partially covered in iridescent
                  | scales. (AC +2) [potion of mutation]
  6466 | D:7      | Gained mutation: You sometimes lose your temper in combat.
                  | [potion of mutation]
  6494 | D:7      | Killed GiantSquids's ghost
  6495 | D:7      | Reached skill level 11 in Armour
  6613 | D:8      | Reached * piety under Okawaru
  6714 | D:8      | Reached XP level 10. HP: 82/90 MP: 7/9
  6751 | D:8      | Found a shimmering blue altar of Sif Muna.
  6895 | D:8      | Found a runed translucent gate.
  6895 | D:8      | Found a runed translucent gate.
  6895 | D:8      | Found a runed translucent gate.
  6898 | D:8      | Noticed asti's ghost (novice MiBe)
  6982 | D:8      | Identified the ring of Ephemeral Luck {rF+ Str+3 SInv}
  7079 | D:8      | Found a viscous altar of Jiyva.
  7266 | D:9      | Noticed an orange demon
  7268 | D:9      | Noticed Amaemon
  7305 | D:9      | Reached ** piety under Okawaru
  7313 | D:9      | Killed Amaemon
  7314 | D:9      | Reached skill level 12 in Armour
  7326 | D:9      | Killed an orange demon
  7563 | D:9      | Noticed a two-headed ogre
  7574 | D:9      | Killed a two-headed ogre
  7856 | D:9      | Reached *** piety under Okawaru
  8026 | D:9      | Identified the +2 robe of Tatylam {Slay+5}
  8137 | D:10     | Entered Level 10 of the Dungeon
  8137 | D:10     | Found a glowing golden altar of the Shining One.
  8162 | D:10     | Reached skill level 13 in Armour
  8192 | D:10     | Found an ornate altar of the Wu Jian Council.
  8231 | D:10     | Noticed an oklob plant
  8405 | D:10     | Found Jucinal's General Store.
  8421 | D:10     | Noticed a death yak
  8423 | D:10     | Found a staircase to the Lair.
  8423 | D:10     | Noticed a death yak
  8423 | D:10     | Noticed a death yak
  8423 | D:10     | Noticed Nergalle
  8464 | D:9      | Killed a death yak
  8465 | D:9      | Reached skill level 10 in Fighting
  8465 | D:9      | Reached XP level 11. HP: 55/99 MP: 0/10
  8642 | D:11     | Found a staircase to the Orcish Mines.
  8655 | D:11     | Killed a death yak
  8655 | D:11     | Reached **** piety under Okawaru
  8656 | D:11     | Reached skill level 10 in Shields
  8947 | D:10     | Noticed a spectral orc warlord
  8952 | D:10     | Killed Nergalle
  8985 | D:9      | Killed a death yak
  9181 | D:10     | Reached skill level 14 in Armour
  9218 | D:10     | Reached skill level 10 in Long Blades
  9334 | D:10     | Found a portal to a secret trove of treasure.
  9393 | D:10     | Found a glowing silver altar of Zin.
  9581 | D:10     | Paralysed by a floating eye for 2 turns
  9669 | D:11     | Noticed Sonja
  9670 | D:11     | Noticed a two-headed ogre
  9678 | D:11     | Succumbed to Sonja's poison

Illustrated notes

Levels and vault maps discovered:
D:1:      dpeg_arrival_rooms_with_view, layout_basic,
          hellmonk_ecumenical_altar_prayer_group, dk_noncrumbling_4,
          chequers_serial_rivers_small_b
D:2:      layout_loops_ring, serial_bayou_pond_a, uniq_robin
D:3:      layout_loops_corners, nicolae_ru_sacrificial_ziggurat,
          nemelex_spade_bored_becter, grunt_temple_overflow_champion_of_chaos,
          uniq_ijyb
D:4:      layout_loops_cross
D:5:      layout_gridville, enter_ossuary_2, gammafunk_ghost_smash,
          hangedman_minor_gate_pass, uniq_duvessa, uniq_menkaure
D:6:      layout_basic, mainiacjoe_overflow_catwalk, serial_shops, shop,
          uniq_maggie
D:7:      layout_rooms, lemuel_crystal_altar, minmay_temple_entry_proselytizer,
          hellmonk_ghost_happy_afterlife
D:8:      layout_rooms, led_sif_pool, gammafunk_ghost_ooze
D:9:      layout_long_grid, uniq_amaemon
D:10:     layout_rooms, mainiacjoe_overflow_tiny_flanked, lemuel_crystal_altar,
          lemuel_tele_altar, dpeg_lair_monsters, serial_shops,
          nicolae_shop_stone, nicolae_trove_entry_path_of_doom,
          chequers_serial_rivers_micro_e, grunt_decor_junction,
          grunt_ministairs_15, disabler_island, uniq_nergalle
D:11:     layout_basic, orc_0_dummy, portal_ice_cave_entry_ice_simulacra,
          uniq_sonja, uniq_gastronok
Temple:   nicolae_temple_no_exploring_needed

Skill      XL: |  1  2  3  4  5  6  7  8  9 10 11 |
---------------+----------------------------------+-----
Armour         | 4 5 6 8 9 11 13 14 | 14.1
Fighting       | 4 5 6 7 8 10 | 10.5
Shields        | 4 5 6 7 8 9 10 | 10.4
Long Blades    | 3 4 5 6 8 9 10 | 10.1

Action                     |  1- 3 |  4- 6 |  7- 9 | 10-12 || total
---------------------------+-------+-------+-------+-------++-------
  Melee: Long sword        |    96 |   130 |   258 |   246 ||   730
         Headbutt          |    14 |    13 |    67 |    61 ||   155
         Scimitar          |       |       |    19 |       ||    19
  Evoke: Wand              |       |     7 |       |     1 ||     8
    Use: Scroll            |       |     8 |     6 |     4 ||    18
         Potion            |       |     1 |    10 |     8 ||    19
 Armour: Scale mail        |    95 |    78 |   173 |   146 ||   492
         Chain mail        |       |    13 |       |       ||    13
  Dodge: Dodged            |    71 |    64 |   152 |   157 ||   444
  Block: Buckler           |    33 |    39 |    83 |    94 ||   249

Table legend: (Time is in decaauts)
 A = Elapsed time spent in this place.
 B = Non-inter-level travel time spent in this place.
 C = Inter-level travel time spent in this place.
 D = Time resting spent in this place.
 E = Time spent auto-exploring this place.
 F = Levels seen in this place.
 G = Mean time per level.
                   A        B        C        D        E       F      G
               +--------+--------+--------+--------+--------+-----+--------+
         Total |   9847 |   9273 |    574 |   1496 |   5615 |  12 |  820.6 |
       Dungeon |   9832 |   9258 |    574 |   1496 |   5615 |  11 |  893.8 |
        Temple |     14 |     14 |      0 |      0 |      0 |   1 |   14.0 |
               +--------+--------+--------+--------+--------+-----+--------+

Top non-repeatable levels by time:
     D:5: 1538 daAuts
     D:9: 1176 daAuts
    D:10: 1037 daAuts
     D:3: 1010 daAuts
     D:6: 893 daAuts
     D:7: 854 daAuts
     D:4: 800 daAuts
     D:1: 781 daAuts
     D:2: 758 daAuts
     D:8: 681 daAuts
    D:11: 299 daAuts
  Temple: 14 daAuts
